 Dungeon Crawl Stone Soup version 0.31-a0-150-g89dc3ad700 (webtiles) character file.

Game seed: 11087027210021548400

149 qw the Shooter (level 5, -3/47 HPs)
             Began as a Minotaur Hunter on June 8, 2023.
             Slain by a gnoll
             ... wielding a +0 flail
              (10 damage)
             ... on level 4 of the Dungeon.
             The game lasted 00:00:59 (2872 turns).

qw the Shooter (Minotaur Hunter)                    Turns: 2872, Time: 00:01:00

Health: -3/47      AC:  5    Str: 16    XL:     5   Next: 9%
Magic:  4/4        EV: 11    Int:  6    God:
Gold:   295        SH:  0    Dex: 15    Spells: 4/4 levels left

rFire   . . .        Y - +0 shortbow (drain)
rCold   . . .        (shield currently unavailable)
rNeg    . . .        e - +0 ring mail
rPois   .            (helmet restricted)
rElec   .            (no cloak)
rCorr   .            (no gloves)
SInv    .            (no boots)
Will    .....        (no amulet)
Stlth   +            (no ring)
HPRegen 0.27/turn    (no ring)
MPRegen 0.09/turn

%: no passive effects
@: about to teleport
A: horns 2, retaliatory headbutt
a: no special abilities


You were on level 4 of the Dungeon.
You visited 1 branch of the dungeon, and saw 4 of its levels.

You collected 295 gold pieces.


Innate Abilities, Weirdness & Mutations

You have a pair of horns on your head.
You reflexively headbutt those who attack you in melee.


   Skills:
 - Level 4.3 Fighting
 + Level 6.0 Ranged Weapons
 - Level 1.0 Armour
 - Level 2.1 Dodging
 - Level 0.7 Stealth


You had 4 spell levels left.
You didn't know any spells.
Your spell library was empty.

Inventory:

Hand Weapons
 Y - a +0 shortbow of draining (weapon)
Armour
 e - a +0 ring mail (worn)
Scrolls
 a - 2 scrolls of identify
 b - a scroll of teleportation
Potions
 c - 2 potions of degeneration {unknown}
 d - a potion of berserk rage {unknown}
 f - a potion of haste {unknown}
 g - a potion of curing {unknown}
 h - a potion of heal wounds {unknown}
 i - a potion of might
 j - a potion of mutation {unknown}
 l - a potion of cancellation {unknown}

Dungeon Overview and Level Annotations

Branches:
Dungeon (4/15)
 Temple: D:4-7

Altars:
Elyvilon
Vehumet

Shops:
D:1 (   D:4 (


Message History

A gnoll comes into view. It is wielding a +0 flail.
Enter note:
Enter note:
Enter note:
Enter note:
Enter note:
Enter note:
Enter note:
Enter note:
Enter note:
2864 ||| Stepping ~*~*~tactically~*~*~ (outnumbered).
You shoot an arrow. The arrow hits the gnoll!
The gnoll is severely wounded.
The gnoll throws a throwing net.
The throwing net barely misses you.
You shoot an arrow. The arrow hits the gnoll.
You kill the gnoll!
You shoot an arrow. The arrow barely misses the gnoll.
The gnoll hits you with a +2 flail of protection.
You shoot an arrow.
The arrow hits the gnoll but does no damage.
You drain the gnoll.
The gnoll is moderately wounded.
You shoot an arrow. The arrow barely misses the gnoll.
The gnoll hits you from afar with a +0 halberd!
The gnoll completely misses you. You furiously retaliate!
You headbutt the gnoll, but do no damage.
You shoot an arrow. The arrow hits the gnoll.
You drain the gnoll.
The gnoll is almost dead.
The gnoll barely misses you. You furiously retaliate!
You headbutt the gnoll. The gnoll closely misses you.
The gnoll hits you with a +2 flail of protection!
You shoot an arrow. The arrow closely misses the gnoll.
The gnoll hits you from afar with a +0 halberd.
The gnoll hits you with a +2 flail of protection.
The gnoll hits you with a +0 flail!
2872 ||| READING 2 scrolls of teleportation.
As you read the scroll of teleportation, it crumbles to dust.
You feel strangely unstable.
The gnoll closely misses you. x2; The gnoll hits you with a +0 flail!
You die...

#.......# #. ..
#.......####. .g
##............ .g
..<.....###### #g
##......###### # #.
.............# #.##.
##......####>#
#..).### #......# #.#
#gg@#########.####.#
#.#g.(..............
#.#####..####....)..
#.#.................
#.#.................
#.#.................
#.#.................
#....................
#....................


You could see 3 gnolls.

Vanquished Creatures
  A sleepcap (D:4)
  A gnoll (D:4)
  An adder (D:3)
  A white imp (D:4)
  2 dart slugs (D:1)
  6 orcs (D:3)
  9 ball pythons
  7 endoplasms
  3 giant cockroaches
  7 goblins
  7 hobgoblins
  10 jackals
  3 quokkas
  2 bats (D:1)
  2 frilled lizards
  5 kobolds
  9 rats
76 creatures vanquished.

Notes
Turn   | Place    | Note
-------+----------+-------------------------------------------
     0 | D:1      | qw the Minotaur Hunter began the quest for the Orb.
     0 | D:1      | Reached XP level 1. HP: 18/18 MP: 0/0
     0 | D:1      | 0 ||| qw: Version: 0.2-a-119-g7aa9181
     0 | D:1      | 0 ||| qw: Game counter: 2819
     0 | D:1      | 0 ||| qw: Always use a shield: true
     0 | D:1      | 0 ||| qw: God list: Okawaru
     0 | D:1      | 0 ||| qw: Allow faded altars: false
     0 | D:1      | 0 ||| qw: Do Orc after D:15 true
     0 | D:1      | 0 ||| qw: Do second Lair branch before Depths: true
     0 | D:1      | 0 ||| qw: Lair rune preference: random
     0 | D:1      | 0 ||| qw: Plans: Normal
     0 | D:1      | 0 ||| PLANNING D:1-11
   168 | D:1      | Reached XP level 2. HP: 25/25 MP: 1/1
   176 | D:1      | Reached skill level 5 in Ranged Weapons
   262 | D:1      | Reached skill level 3 in Fighting
   438 | D:1      | Reached XP level 3. HP: 31/31 MP: 2/2
   571 | D:1      | Found Jywyil's Antique Weapon Boutique.
   589 | D:1      | 589 ||| UPGRADING to +0 ring mail.
   599 | D:1      | 599 ||| DROPPING +0 leather armour.
   600 | D:1      | 600 ||| READING 2 scrolls labelled GISKIXKA CASH.
   601 | D:1      | 601 ||| DROPPING scroll of butterflies.
   697 | D:2      | Reached skill level 1 in Armour
  1384 | D:2      | 1384 ||| READING scroll labelled QUATO XABEKOIB.
  1385 | D:2      | 1385 ||| READING scroll labelled MOUPSU IFFOAPN.
  1390 | D:2      | 1390 ||| READING scroll labelled SOUVAE FISCH.
  1513 | D:3      | Reached XP level 4. HP: 13/38 MP: 3/3
  1651 | D:3      | 1651 ||| READING scroll of brand weapon.
  1651 | D:3      | 1651 ||| BRANDING +0 shortbow of flaming.
  1812 | D:3      | Found a white marble altar of Elyvilon.
  1814 | D:3      | Found a radiant altar of Vehumet.
  1864 | D:3      | Reached skill level 6 in Ranged Weapons
  2288 | D:3      | 2288 ||| DROPPING ring of wizardry.
  2289 | D:3      | 2289 ||| READING scroll labelled AMMEDA MOTSUU.
  2390 | D:3      | 2390 ||| READING scroll labelled JUMIUD MOSISAEMIO.
  2391 | D:3      | 2391 ||| DRINKING 2 lumpy coppery potions.
  2555 | D:4      | 2555 ||| READING scroll of brand weapon.
  2555 | D:4      | 2555 ||| BRANDING +0 shortbow of electrocution.
  2688 | D:4      | Found Qioshih's Antique Weapon Shop.
  2816 | D:4      | Reached XP level 5. HP: 47/47 MP: 4/4
  2864 | D:4      | 2864 ||| Stepping ~*~*~tactically~*~*~ (outnumbered).
  2871 | D:4      | HP: 7/47 [gnoll/+0 flail (11)]
  2872 | D:4      | 2872 ||| READING 2 scrolls of teleportation.
  2872 | D:4      | Slain by a gnoll

Levels and vault maps discovered:
D:1:      matt_arrival_grand_opening, layout_basic, serial_shops,
          nicolae_shop_waterfront
D:2:      layout_basic, dreamdust_mushroom_princess
D:3:      layout_basic, jmf_multi_god_temple
D:4:      layout_basic, mainiacjoe_overflow_two_lobes, serial_shops,
          nicolae_stop_n_shop_2

Skill      XL: |  1  2  3  4 |
---------------+-------------+-----
Ranged Weapons | 5 6 |  6.0
Fighting       | 3 4 |  4.3
Armour         | 1 |  1.0
Dodging        | |  2.1
Stealth        | |  0.7

Action                     |  1- 3 |  4- 6 || total
---------------------------+-------+-------++-------
   Fire: Shortbow          |   149 |    78 ||   227
    Use: Scroll            |     4 |     5 ||     9
         Potion            |       |     1 ||     1
 Armour: Leather armour    |     5 |       ||     5
         Ring mail         |    22 |     4 ||    26
  Dodge: Dodged            |    41 |    17 ||    58

Table legend:
 A = Non-vault XP
 B = Vault XP
 C = Vault XP percentage of total XP
 D = Non-vault monster count
 E = Vault monster count
 F = Vault count percentage of total count
                 A         B        C        D         E       F
            +---------+---------+-------+---------+---------+-------
      Total |     210 |       3 |   1.4 |      74 |       2 |   2.6
            +---------+---------+-------+---------+---------+-------
        D:1 |      45 |       0 |   0.0 |      24 |       0 |   0.0
        D:2 |      30 |       0 |   0.0 |      17 |       0 |   0.0
        D:3 |      71 |       3 |   4.1 |      29 |       2 |   6.5
        D:4 |      64 |       0 |   0.0 |       4 |       0 |   0.0
            +---------+---------+-------+---------+---------+-------
